 Dungeon Crawl Stone Soup version 0.32-a0-290-g598725c5f2 (webtiles) character file.

Game seed: 6081885073560990017

103 CougarLife the Digger (level 4, -1/24 HPs)
             Began as a Gargoyle Earth Elementalist on Feb 14, 2024.
             Slain by an orc
             ... wielding a +0 club
              (4 damage)
             ... on level 2 of the Dungeon.
             The game lasted 00:01:12 (1487 turns).

CougarLife the Digger (Gargoyle Earth Elementalist) Turns: 1487, Time: 00:01:12

Health: -1/24      AC:  5    Str: 11    XL:     4   Next: 79%
Magic:  4/8        EV: 11    Int: 18    God:
Gold:   66         SH:  0    Dex: 10    Spells: 8/9 levels left

rFire   . . .        i - +0 dagger
rCold   . . .        (no shield)
rNeg    + . .        a - +0 robe
rPois   ∞            (no helmet)
rElec   +            (no cloak)
rCorr   .            (no gloves)
SInv    .            (no boots)
Will    .....        (no amulet)
Stlth   ++           (no ring)
HPRegen 0.24/turn    (no ring)
MPRegen 0.11/turn

%: no passive effects
@: no status effects
A: sickness immunity, AC +3, negative energy resistance 1, electricity
resistance, torment resistance 1, petrification resistance
a: no special abilities


You were on level 2 of the Dungeon.
You visited 1 branch of the dungeon, and saw 3 of its levels.

You collected 66 gold pieces.

Inventory:

Hand Weapons
 i - a +0 dagger (weapon)
Armour
 a - a +0 robe (worn)
Scrolls
 c - 2 scrolls of identify {unknown}
 d - a scroll of teleportation {unknown}
 j - a scroll of revelation {unknown}
Potions
 b - a potion of magic
 e - a potion of degeneration {unknown}
 f - 2 potions of curing {unknown}
 g - a potion of invisibility {unknown}
 h - a potion of mutation {unknown}


   Skills:
 - Level 1.5 Dodging
 - Level 2.1 Stealth
 + Level 3.0 Spellcasting
 + Level 2.8 Conjurations
 + Level 4.7 Earth Magic


You had 8 spell levels left.
You knew the following spells:

 Your Spells              Type           Power      Damage    Failure   Level
a - Sandblast             Erth           38%        2d10      2%          1

Your spell library contained the following spells:

 Spells                   Type           Power      Damage    Failure   Level
 Passwall                 Erth           19%        N/A       7%          3
 Stone Arrow              Conj/Erth      32%        3d9       11%         3
 Freeze                   Ice            8%         1d3       16%         1
 Hailstorm                Conj/Ice       7%         3d5       26%         3
 Brom's Barrelling Bould  Conj/Erth      16%        2d4       34%         4
 Frozen Ramparts          Ice            4%         1d1       43%         3
 Petrify                  Alch/Erth      11%        N/A       52%         4


Dungeon Overview and Level Annotations

Branches:
Dungeon (3/15)

Altars:
Elyvilon
Zin
The Shining One

Annotations:
D:1 1 transporter


Innate Abilities, Weirdness & Mutations

You are immune to sickness and miasma.
Your stone body is resilient. (AC +3)
You are immune to poison.
You resist negative energy. (rN+)
You are resistant to electric shocks. (rElec)
You are resistant to unholy torment.
You are immune to petrification.


Message History

A giant cockroach is nearby!
A giant cockroach is nearby!
Found 7 gold pieces.
The blast of sand hits the giant cockroach!
You kill the giant cockroach!
You can't see any susceptible monsters within range! (Use Z to cast anyway.)
An orc comes into view. It is wielding a +0 club.
An orc is nearby!
Found a stone staircase leading down.
An orc is nearby!
The orc shouts!
You hear a shout! x2
An orc comes into view. It is wielding a +0 flail.
The blast of sand misses the orc.
The orc hits you but does no damage.
The blast of sand hits the orc but does no damage.
The orc hits you but does no damage.
The blast of sand hits the orc.
The orc is moderately wounded.
The orc barely misses you. x2; The orc closely misses you.
An orc wizard comes into view. It is wielding a +0 dagger.
The blast of sand hits the orc.
The orc is moderately wounded.
The orc hits you with a +0 flail. The orc hits you with a +0 club.
The blast of sand hits the orc.
The orc is severely wounded.
The orc wizard mumbles some strange words.
The orc wizard flickers and vanishes!
Deactivating autopickup; reactivate with Ctrl-A.
The orc barely misses you. The orc completely misses you.
The orc hits you with a +0 club. The orc hits you with a +0 flail.
You are too injured to fight recklessly!
You are too injured to fight recklessly!
You are too injured to fight recklessly!
Unknown command.
The orc attacks as it pursues you! The orc hits you with a +0 flail!
* * * LOW HITPOINT WARNING * * *
The orc attacks as it pursues you! The orc hits you but does no damage.
The orc attacks as it pursues you! The orc barely misses you.
The orc attacks as it pursues you! The orc hits you with a +0 club.
You die...

.....## ##############
....... #.......##...#
....... #.......##...####
....... #...............#
#..... #$@.............#
#.....##oo...†.........###
#.........................
#.........................
####.......####....####...
.........................
.........############......
..>....... ...$ +......
.........## .... #.....#


You could see 2 orcs.

Vanquished Creatures
  Natasha (D:2)
  A dart slug (D:2)
  4 ball pythons
  6 endoplasms
  3 giant cockroaches
  4 goblins
  2 hobgoblins
  4 jackals (D:1)
  A kobold (D:2)
  A quokka (D:2)
  3 bats
  6 frilled lizards
  8 rats
44 creatures vanquished.

Notes
Turn   | Place    | Note
-------+----------+-------------------------------------------
     0 | D:1      | CougarLife the Gargoyle Earth Elementalist began the quest
                  | for the Orb.
     0 | D:1      | Reached XP level 1. HP: 10/10 MP: 3/3
   165 | D:1      | Reached XP level 2. HP: 15/15 MP: 1/5
   318 | D:1      | Reached skill level 4 in Earth Magic
   400 | D:1      | Reached XP level 3. HP: 19/19 MP: 4/6
   925 | D:2      | Noticed Natasha
   927 | D:2      | Reached XP level 4. HP: 24/24 MP: 4/8
   929 | D:2      | Killed Natasha
  1012 | D:2      | You fall into a shaft and drop 1 floor!
  1142 | D:3      | Found a glowing golden altar of the Shining One.
  1142 | D:3      | Found a white marble altar of Elyvilon.
  1142 | D:3      | Found a glowing silver altar of Zin.
  1487 | D:2      | Slain by an orc

Illustrated notes

Levels and vault maps discovered:
D:1:      spicycebolla_arrival_risky_transporter, layout_loops_ring
D:2:      minmay_angry_zag, layout_basic, uniq_natasha
D:3:      layout_loops_ring, dreamdust_divine_triumvirate,
          eat_drink_and_be_merry_uskayaw

Skill      XL: |  1  2  3  4 |
---------------+-------------+-----
Earth Magic    | 4 |  4.7
Conjurations   | 2 |  2.8
Spellcasting   | 3 |  3.0
Dodging        | |  1.5
Stealth        | |  2.1

Action                     |  1- 3 |  4- 6 || total
---------------------------+-------+-------++-------
  Melee: Unarmed           |     7 |       ||     7
   Cast: Sandblast         |    38 |    19 ||    57
 Armour: Robe              |    21 |    10 ||    31
  Dodge: Dodged            |    13 |     6 ||    19

Table legend: (Time is in decaauts)
 A = Elapsed time spent in this place.
 B = Non-inter-level travel time spent in this place.
 C = Inter-level travel time spent in this place.
 D = Time resting spent in this place.
 E = Time spent auto-exploring this place.
 F = Levels seen in this place.
 G = Mean time per level.
                   A        B        C        D        E       F      G
               +--------+--------+--------+--------+--------+-----+--------+
         Total |   1514 |   1451 |     63 |     77 |   1147 |   3 |  504.7 |
       Dungeon |   1514 |   1451 |     63 |     77 |   1147 |   3 |  504.7 |
               +--------+--------+--------+--------+--------+-----+--------+

Top non-repeatable levels by time:
     D:1: 882 daAuts
     D:2: 452 daAuts
     D:3: 180 daAuts
